 Dungeon Crawl Stone Soup version 0.31-a0-496-g6f97920a28 (webtiles) character file.

Game seed: 14709083178909677107

371 kae the Changeling (level 6, -2/70 HPs)
             Began as a Draconian Shapeshifter on Aug 8, 2023.
             Frozen to death by an endoplasm (5 damage)
             ... on level 4 of the Dungeon.
             The game lasted 00:01:54 (3043 turns).

kae the Changeling (Draconian Shapeshifter)         Turns: 3043, Time: 00:01:55

Health: -2/70      AC: 23    Str: 19    XL:     6   Next: 42%
Magic:  6/6        EV:  2    Int:  8    God:
Gold:   181        SH:  0    Dex: 20    Spells: 5/5 levels left

rFire   . . .        k - +1 rapier of the Lesser Evil {spect, rN+ rCorr Str+2}
rCold   . . .        (no shield)
rNeg    + + .        (body armour unavailable)
rPois   +            (helmet currently unavailable)
rElec   .            (cloak currently unavailable)
rCorr   +            (gloves currently unavailable)
SInv    .            (boots currently unavailable)
Will    .....        (no amulet)
Stlth   ++           N - ring of positive energy
HPRegen 0.31/turn    D - +6 ring of dexterity
MPRegen 0.10/turn

%: no passive effects
@: tree-form, slowed, very slow
A: stationary, stasis, torment immunity, boosted hp, AC +6, unfitting armour,
(cold-blooded)
a: no special abilities


You were on level 4 of the Dungeon.
You were a tree.
You visited 1 branch of the dungeon, and saw 4 of its levels.

You collected 223 gold pieces.
You spent 42 gold pieces at shops.


Innate Abilities, Weirdness & Mutations

You are a tree.
Your roots penetrate the ground, keeping you stationary.
You cannot be teleported.
You are immune to unholy pain and torment.
Your maximum health is greatly increased.
Your equipment is partially melded.
((Your plain brown scales are hard. (AC +6)))
You cannot fit into any form of body armour.
((You are cold-blooded and may be slowed by cold attacks.))


   Skills:
 - Level 1.1 Fighting
 - Level 1.7 Dodging
 + Level 4.9 Unarmed Combat
 * Level 5.4 Shapeshifting


You had 5 spell levels left.
You didn't know any spells.
Your spell library contained the following spells:

 Spells                   Type           Power      Damage    Failure   Level
 Dazzling Flash           Conj/Hex       0%         N/A       78%         3
 Volatile Blastmotes      Fire/Tloc      0%         2d10      78%         3
 Starburst                Conj/Fire      0%         6d3       100%        6
 Maxwell's Capacitive Co  Air            0%         āˆž       100%        8

Inventory:

Hand Weapons
 k - the +1 rapier of the Lesser Evil (weapon) {spect, rN+ rCorr Str+2}
   (You found it on level 2 of the Dungeon)

   Str:       It affects your strength (+2).
   rN:        It protects you from negative energy.
   rCorr:     It protects you from acid and corrosion.
Missiles
 d - 40 stones
 m - 7 poisoned darts
Jewellery
 g - an amulet of regeneration
   (You found it on level 4 of the Dungeon)
 p - a ring of willpower
   (You found it on level 3 of the Dungeon)
 D - a +6 ring of dexterity (right branch)
   (You found it on level 3 of the Dungeon)
 N - a ring of positive energy (left branch)
   (You found it on level 1 of the Dungeon)
Talismans
 b - a beast talisman
 c - a flux talisman
 q - a blade talisman
   (You found it on level 3 of the Dungeon)
Wands
 s - a wand of flame (16)
   (You found it on level 4 of the Dungeon)
Scrolls
 e - 2 scrolls of identify {unknown}
 f - a scroll of amnesia {unknown}
 h - a scroll of enchant weapon {unknown}
 i - a scroll of poison {unknown}
 r - a scroll of fog {unknown}
 u - a scroll of teleportation {unknown}
Potions
 j - a potion of curing {unknown}
 l - a potion of berserk rage {unknown}
 n - 3 potions of mutation {unknown}
 o - a potion of degeneration {unknown}
 t - 3 potions of might {unknown}

Dungeon Overview and Level Annotations

Branches:
Dungeon (4/15) Zot: 20944
 Temple: D:4-7

Altars:
Elyvilon

Shops:
D:1 *

Annotations:
D:4 2 transporters, Vruhak's ghost, amateur FoWn

#. #. #.. #.# ... #.#
.... #.# .....
#.###.###.....
#...Sgc(..>...
#Jā™£.......
##.......##
#######$.###.....
###.##.##...#$.....
##..................
#................###
###................#
##......####........#
#.....#####......##...


You could see a centaur (distracted), an adder, an endoplasm, a hobgoblin and a
friendly +1 rapier of the Lesser Evil {spect, rN+ rCorr Str+2}.


Message History

The black bear claws you but does no damage.
The black bear claws you.
An adder comes into view.
The black bear bites you but does no damage.
The black bear claws you but does no damage.
The black bear closely misses you.
You hit the black bear. You tail-slap the black bear.
Your punch misses the black bear.
Your +1 rapier of the Lesser Evil {spect, rN+ rCorr Str+2} hits the black bear!
The black bear goes berserk!
The hobgoblin hits your +1 rapier of the Lesser Evil {spect, rN+ rCorr Str+2} but does no damage. šŸ˜• HP[-8]
You take 8 damage, and now have 39/47 hp.
You hit the worm.
Your +1 rapier of the Lesser Evil {spect, rN+ rCorr Str+2} barely misses the worm.
The black bear growls angrily.
The black bear barely misses you. The black bear misses you.
The black bear claws you but does no damage.
The worm barely misses you. The black bear bites you.
The black bear closely misses you.
The black bear claws you but does no damage. šŸ˜• HP[-1]
You take 1 damage, and now have 38/47 hp.
Unknown command.
You hit the worm.
Your +1 rapier of the Lesser Evil {spect, rN+ rCorr Str+2} hits the worm.
The black bear bites you but does no damage.
The black bear completely misses you.
The black bear claws you but does no damage.
The hobgoblin completely misses you. The worm closely misses you.
Unknown command.
You hit the black bear.
Your +1 rapier of the Lesser Evil {spect, rN+ rCorr Str+2} closely misses the black bear.
The black bear bites you. The black bear claws you.
The black bear closely misses you. The hobgoblin completely misses you.
The black bear closely misses you.
The black bear claws you but does no damage.
The black bear barely misses you. šŸ˜® HP[-3]
You take 3 damage, and now have 35/47 hp.
Unknown command.
You completely miss the black bear. You tail-slap the black bear.
You kill the black bear!
Your +1 rapier of the Lesser Evil {spect, rN+ rCorr Str+2} disappears.
The hobgoblin barely misses you.
The centaur wields a +0 orcbow.
The centaur shoots an arrow.
The arrow hits you! The worm bites you but does no damage.
The endoplasm barely misses you.
The hobgoblin closely misses you. šŸ˜® HP[-10]
You take 10 damage, and now have 25/47 hp.
MASSIVE DAMAGE!! (PAUSE)
You hit the worm. You tail-slap the worm.
Your +1 rapier of the Lesser Evil {spect, rN+ rCorr Str+2} hits the worm.
You kill the worm!
The centaur shoots an arrow.
The arrow hits you!
* * * LOW HITPOINT WARNING * * *
The endoplasm freezes you.
You are frozen.
* * * LOW HITPOINT WARNING * * *
You feel yourself slow down.
The hobgoblin hits you but does no damage. šŸ˜± HP[-17]
You take 17 damage, and now have 8/47 hp.
MASSIVE DAMAGE!! (PAUSE)
Your transformation has ended.
You turn into a tree.
Your roots penetrate the ground.
Your +1 rapier of the Lesser Evil {spect, rN+ rCorr Str+2} disappears.
The centaur unwields a +0 orcbow.
The centaur hits you but does no damage.
The centaur kicks you but does no damage.
The hobgoblin hits you but does no damage.
The endoplasm hits you but does no damage.
The centaur hits you but does no damage.
The centaur kicks you but does no damage. šŸ˜± HP[+5]
You now have 70 max hp (+23).
You regained 5 hp, and now have 13/70 hp.
You hit the centaur.
Your +1 rapier of the Lesser Evil {spect, rN+ rCorr Str+2} barely misses the centaur.
The centaur hits you but does no damage.
The centaur kicks you but does no damage.
The endoplasm hits you but does no damage.
The hobgoblin hits you.
* * * LOW HITPOINT WARNING * * *
The centaur hits you.
* * * LOW HITPOINT WARNING * * *
The centaur kicks you but does no damage.
The hobgoblin hits you but does no damage.
The endoplasm hits you.
* * * LOW HITPOINT WARNING * * *
The centaur hits you.
* * * LOW HITPOINT WARNING * * *
The centaur kicks you but does no damage.
You hit the centaur.
Your +1 rapier of the Lesser Evil {spect, rN+ rCorr Str+2} hits the centaur.
The centaur completely misses your +1 rapier of the Lesser Evil {spect, rN+ rCorr Str+2}.
The centaur kicks your +1 rapier of the Lesser Evil {spect, rN+ rCorr Str+2}.
The endoplasm freezes you.
You are frozen.
You die...

Skill      XL: |  1  2  3  4  5 |
---------------+----------------+-----
Shapeshifting  | 4 5 |  5.4
Unarmed Combat | 4 |  4.9
Fighting       | |  1.1
Dodging        | |  1.7

Action                     |  1- 3 |  4- 6 || total
---------------------------+-------+-------++-------
  Melee: Unarmed           |   112 |       ||   112
         Tailslap          |     5 |     7 ||    12
         Punch             |     1 |     2 ||     3
         Rapier            |     2 |    75 ||    77
    Use: Potion            |       |     1 ||     1
   Stab: Sleeping          |     1 |     4 ||     5
         Distracted        |       |     1 ||     1
 Armour: Skin              |    31 |    35 ||    66
  Dodge: Dodged            |    72 |    63 ||   135

Levels and vault maps discovered:
D:1:      heliophobic_arrival_glass_houses, layout_basic, serial_shops, shop,
          chequers_avenue
D:2:      layout_basic, minmay_misc_feat_plants, minmay_goblin_outpost,
          uniq_jessica, uniq_natasha
D:3:      layout_rooms, minmay_ruptured
D:4:      layout_cave_pools, slow_altar_1, elyvilon_altar_5,
          gammafunk_ghost_arena, minmay_manual_monstrance

Notes
Turn   | Place    | Note
-------+----------+-------------------------------------------
     0 | D:1      | kae the Draconian Shapeshifter began the quest for the Orb.
     0 | D:1      | Reached XP level 1. HP: 16/16 MP: 1/1
     0 | D:1      | magus.rc [v1.11.3]
   594 | D:1      | Reached XP level 2. HP: 23/23 MP: 2/2
   610 | D:1      | Found Piokhluxt's Assorted Antiques.
   619 | D:1      | Bought a scroll labelled OCVOAD YTUFREU for 21 gold pieces
  1147 | D:2      | Identified the +6 chain mail "Nowuod" {rElec rN+ MP+9
                  | Str+2}
  1157 | D:2      | Reached XP level 3. HP: 28/28 MP: 3/3
  1405 | D:2      | Identified the +1 rapier of the Lesser Evil {spect, rN+
                  | rCorr Str+2}
  1451 | D:2      | Noticed Jessica
  1458 | D:2      | Killed Jessica
  1459 | D:2      | Reached skill level 4 in Shapeshifting
  1459 | D:2      | Reached XP level 4. HP: 35/35 MP: 4/4
  1756 | D:2      | Noticed Natasha
  1759 | D:2      | Killed Natasha
  1760 | D:2      | Reached skill level 4 in Unarmed Combat
  1897 | D:3      | Reached XP level 5. HP: 40/40 MP: 5/5
  2416 | D:2      | Noticed Natasha
  2420 | D:2      | Killed Natasha
  2516 | D:1      | Bought a scroll labelled TIMUMY LUSUKA for 21 gold pieces
  2745 | D:3      | Reached skill level 5 in Shapeshifting
  2844 | D:4      | Reached XP level 6. HP: 43/47 MP: 6/6
  2937 | D:4      | You pick up a book of Spectacle and begin reading...
  2937 | D:4      | You add the spells Volatile Blastmotes, Dazzling Flash,
                  | Starburst and Maxwell's Capacitive Coupling to your
                  | library.
  2979 | D:4      | Found a transporter.
  2983 | D:4      | Noticed Vruhak's ghost (amateur FoWn)
  2989 | D:4      | Found a transporter.
  2999 | D:4      | Found a white marble altar of Elyvilon.
  3040 | D:4      | HP: 8/47 [frozen (5)]
  3042 | D:4      | HP: 3/70 [centaur (3)]
  3043 | D:4      | Frozen to death by an endoplasm

Vanquished Creatures
  A black bear (D:4)
  An orc priest (D:4)
  Jessica (D:2)
  Natasha (twice) (D:2)
  An iguana (D:3)
  5 adders
  3 gnolls (D:3)
  An ufetubus (D:4)
  3 worms
  A dart slug (D:4)
  4 orcs
  3 endoplasms
  2 giant cockroaches
  3 goblins (D:2)
  9 hobgoblins
  5 jackals
  4 kobolds
  2 quokkas (D:2)
  7 ball pythons
  9 bats
  2 frilled lizards
  5 rats
74 creatures vanquished.

Table legend:
 A = Non-vault XP
 B = Vault XP
 C = Vault XP percentage of total XP
 D = Non-vault monster count
 E = Vault monster count
 F = Vault count percentage of total count
                 A         B        C        D         E       F
            +---------+---------+-------+---------+---------+-------
      Total |     296 |     234 |  44.2 |      62 |      12 |  16.2
            +---------+---------+-------+---------+---------+-------
        D:1 |      23 |       0 |   0.0 |      15 |       0 |   0.0
        D:2 |      96 |      85 |  47.0 |      22 |       8 |  26.7
        D:3 |     110 |      28 |  20.3 |      14 |       3 |  17.6
        D:4 |      67 |     121 |  64.4 |      11 |       1 |   8.3
            +---------+---------+-------+---------+---------+-------

Skill      XL: |  1  2  3  4  5 |
---------------+----------------+-----
Shapeshifting  | 4 5 |  5.4
Unarmed Combat | 4 |  4.9
Fighting       | |  1.1
Dodging        | |  1.7

Action                     |  1- 3 |  4- 6 || total
---------------------------+-------+-------++-------
  Melee: Unarmed           |   112 |       ||   112
         Tailslap          |     5 |     7 ||    12
         Punch             |     1 |     2 ||     3
         Rapier            |     2 |    75 ||    77
    Use: Potion            |       |     1 ||     1
   Stab: Sleeping          |     1 |     4 ||     5
         Distracted        |       |     1 ||     1
 Armour: Skin              |    31 |    35 ||    66
  Dodge: Dodged            |    72 |    63 ||   135

Illustrated notes

Table legend:
 A = Kills in this place as a percentage of kills in the entire game.
 B = Kills by you in this place as a percentage of kills by you in the entire game.
 C = Kills by friends in this place as a percentage of kills by friends in the entire game.
 D = Other kills in this place as a percentage of other kills in the entire game.
 E = Experience gained in this place as a percentage of experience gained in the entire game.
 F = Experience gained in this place divided by the number of levels of this place that you have seen.
                   A       B       C       D       E      F
               +-------+-------+-------+-------+-------+----------------------
         Total | 100.0 | 100.0 |   N/A |   N/A | 100.0 | 132.5
       Dungeon | 100.0 | 100.0 |   N/A |   N/A | 100.0 | 132.5
               +-------+-------+-------+-------+-------+----------------------

Table legend: (Time is in decaauts)
 A = Elapsed time spent in this place.
 B = Non-inter-level travel time spent in this place.
 C = Inter-level travel time spent in this place.
 D = Time resting spent in this place.
 E = Time spent auto-exploring this place.
 F = Levels seen in this place.
 G = Mean time per level.
                   A        B        C        D        E       F      G
               +--------+--------+--------+--------+--------+-----+--------+
         Total |   3053 |   2716 |    337 |    160 |   2051 |   4 |  763.2 |
       Dungeon |   3053 |   2716 |    337 |    160 |   2051 |   4 |  763.2 |
               +--------+--------+--------+--------+--------+-----+--------+

Top non-repeatable levels by time:
     D:1: 1052 daAuts
     D:2: 965 daAuts
     D:3: 756 daAuts
     D:4: 279 daAuts
